 Dungeon Crawl Stone Soup version 0.21-a0-421-gfc1ce30 (webtiles) character file.

3634 tof the Carver (level 9, -2/81 HPs)
             Began as a Minotaur Berserker on Nov 4, 2017.
             Was an Elder of Trog.
             Slain by a two-headed ogre
             ... wielding a +0 dire flail
              (9 damage)
             ... on level 8 of the Dungeon.
             The game lasted 00:18:01 (6989 turns).

tof the Carver (Minotaur Berserker)                 Turns: 6989, Time: 00:18:02

Health: -2/81      AC: 11    Str: 21    XL:     9   Next: 87%
Magic:  8/8        EV: 14    Int:  4    God:    Trog [****..]
Gold:   264        SH:  0    Dex: 14    Spells: 8/8 levels left

rFire    + . .     SeeInvis .   a - +4 long sword
rCold    + . .     Gourm    +   (no shield)
rNeg     . . .     Faith    .   y - +0 scale mail
rPois    .         Spirit   .   (helmet restricted)
rElec    .         Reflect  .   (no cloak)
rCorr    .         Harm     .   (no gloves)
MR       .....                  D - +2 pair of boots
Stlth    ..........             A - amulet of the gourmand
HPRegen  0.23/turn              d - ring of protection from cold
MPRegen  0.11/turn              u - ring of protection from fire

@: berserk cooldown, slowed, very slow
A: retaliatory headbutt, horns 2
a: Berserk, Trog's Hand, Brothers in Arms, Burn Spellbooks, Renounce Religion


You were on level 8 of the Dungeon.
You worshipped Trog.
Trog was greatly pleased with you.
You were very full.

You visited 1 branch of the dungeon, and saw 8 of its levels.

You collected 264 gold pieces.

Inventory:

Hand Weapons
 a - a +4 long sword (weapon)
Missiles
 q - 2 curare-tipped needles
Armour
 y - a +0 scale mail (worn)
 D - a +2 pair of boots (worn)
Jewellery
 d - a ring of protection from cold (left hand)
 u - a ring of protection from fire (right hand)
 A - an amulet of the gourmand (around neck)
 E - an uncursed ring of flight
Wands
 b - a wand of iceblast (9/15)
 r - a wand of disintegration (24/24)
 C - a wand of confusion (27/48)
 F - a wand of acid (8/15)
 I - a wand of confusion (39/48)
Scrolls
 g - 7 scrolls of teleportation
 k - 4 scrolls of remove curse
 l - a scroll of fear
 p - a scroll of enchant armour
 s - a scroll of recharging
 v - 2 scrolls of enchant weapon
 w - 2 scrolls of fog
 x - a scroll of magic mapping
Potions
 e - 3 potions of curing {unknown}
 i - a potion of invisibility {unknown}
 m - a potion of flight {unknown}
 n - 2 potions of haste {unknown}
 o - a potion of ambrosia {unknown}
 z - a potion of resistance {unknown}
 G - a potion of brilliance {unknown}
Books
 h - Jol Gile's Arcane Arts for Neophytes
   (You found it on level 8 of the Dungeon)

   Spells                             Type                      Level
   a - Infusion                       Charms                       1
   b - Sandblast                      Earth                        1
   c - Confusing Touch                Hexes                        1
   d - Apportation                    Translocation                1
   e - Beastly Appendage              Transmutation                1
   Trog disapproves of the use of such an item.
 B - a book of Flames

   Spells                             Type                      Level
   a - Flame Tongue                   Conjuration/Fire             1
   b - Throw Flame                    Conjuration/Fire             2
   c - Conjure Flame                  Conjuration/Fire             3
   d - Inner Flame                    Hexes/Fire                   3
   e - Sticky Flame                   Conjuration/Fire             4
   f - Fireball                       Conjuration/Fire             5
   Trog disapproves of the use of such an item.
Comestibles
 c - 2 bread rations
 f - 3 meat rations
 j - 7 fruits
 t - 3 royal jellies
 H - 2 chunks of flesh


   Skills:
 + Level 7.9 Fighting
 * Level 10.4 Long Blades
 + Level 5.5 Throwing
 + Level 7.2 Armour
 + Level 6.7 Dodging


You had 8 spell levels left.
You didn't know any spells.

Dungeon Overview and Level Annotations

Branches:
Dungeon (8/15)             Temple (0/1) D:7            Lair (0/6) D:8

Altars:
Ashenzari
Trog
Uskayaw
Zin

Shops:
D:6 }

Annotations:
D:4 2 transporters


Innate Abilities, Weirdness & Mutations

You reflexively headbutt those who attack you in melee.
You have a pair of horns on your head.


Message History

The two-headed ogre is moderately wounded.
The two-headed ogre hits you with a dire flail!
The two-headed ogre hits you with a giant spiked club.
You slash the two-headed ogre!
The two-headed ogre is heavily wounded.
The two-headed ogre hits you but does no damage.
The two-headed ogre hits you with a giant spiked club!!
You hit the two-headed ogre.
The two-headed ogre is heavily wounded.
The two-headed ogre hits you with a dire flail!!
* * * LOW HITPOINT WARNING * * *
The two-headed ogre hits you with a giant spiked club!
* * * LOW HITPOINT WARNING * * *
You hit the two-headed ogre.
The two-headed ogre is heavily wounded.
The two-headed ogre closely misses you.
The two-headed ogre completely misses you.
The two-headed ogre barely misses you.
The two-headed ogre hits you with a giant spiked club!
You die...

..Y...# ##...#
##.. ..O...#
#...####### ##.
......#
####.........## ##
.....##
###.............#
# ##..##
#.<...).........#
##.##
#................#
#..#
#................#
#..###
##......O.........
.....##
#####..@.....####
......##
##..######
.......## ##.#
........# #.#
........# #.#
........## #.#
#### .........#
#.# ##..#
.........# ##.##
##.... ........)#
##...# ##.....


You could see a two-headed ogre.

Vanquished Creatures
  A death yak (D:8)
  The ghost of tof the Carver, a novice MiMo of Okawaru (D:7)
  Pikel (D:4)
  Menkaure (D:4)
  A porcupine (D:8)
  2 slaves (D:4)
  A sky beast (D:6)
  An ice beast (D:8)
  2 ogres
  2 centaurs (D:5)
  A bullfrog (D:6)
  5 wights (D:7)
  A howler monkey (D:6)
  3 crimson imps
  A bullfrog zombie (D:5)
  A hound (D:6)
  3 orc wizards
  A quasit (D:6)
  2 orc priests (D:6)
  A jelly (D:8)
  2 worker ants
  2 hound zombies
  A hound skeleton (D:6)
  Robin (D:2)
  3 gnolls (D:2)
  4 adders
  An ooze (D:3)
  An adder skeleton (D:5)
  5 worms
  2 dart slugs (D:1)
  3 leopard geckos
  16 orcs
  2 ball pythons
  9 bats
  5 giant cockroaches
  15 goblins
  10 hobgoblins
  6 jackals
  5 quokkas
  3 frilled lizards
  A jackal zombie (D:5)
  10 kobolds
  A leopard gecko skeleton (D:5)
  A quokka skeleton (D:5)
  9 rats
150 creatures vanquished.

Vanquished Creatures (collateral kills)
  A death yak (D:8)
1 creature vanquished.

Grand Total: 151 creatures vanquished

Notes
Turn   | Place    | Note
-------+----------+-------------------------------------------
     0 | D:1      | tof the Minotaur Berserker began the quest for the Orb.
     0 | D:1      | Reached XP level 1. HP: 19/19 MP: 0/0
   235 | D:1      | Reached XP level 2. HP: 27/27 MP: 1/1
   283 | D:1      | Reached skill level 4 in Long Blades
   448 | D:1      | Reached skill level 1 in Throwing
   481 | D:1      | Reached XP level 3. HP: 31/33 MP: 2/2
   873 | D:2      | Reached ** piety under Trog
   942 | D:2      | Reached XP level 4. HP: 5/40 MP: 3/3
  1354 | D:2      | Found a glowing silver altar of Zin.
  1377 | D:2      | Noticed Robin
  1386 | D:2      | Killed Robin
  1923 | D:3      | Reached *** piety under Trog
  2089 | D:3      | Reached XP level 5. HP: 45/46 MP: 4/4
  2395 | D:4      | Found a transporter.
  2678 | D:4      | Reached skill level 5 in Long Blades
  2784 | D:4      | Noticed a slave
  2784 | D:4      | Noticed a slave
  2785 | D:4      | Noticed Pikel
  2786 | D:4      | Noticed a slave
  2789 | D:4      | Killed a slave
  2794 | D:4      | Killed a slave
  2814 | D:4      | Noticed a slave
  2816 | D:4      | HP: 1/47 [Pikel/whip of freezing (3)]
  2817 | D:4      | Killed Pikel
  2817 | D:4      | Reached skill level 5 in Fighting
  2817 | D:4      | Reached skill level 6 in Long Blades
  2817 | D:4      | Reached XP level 6. HP: 2/56 MP: 5/5
  2817 | D:4      | Reached XP level 7. HP: 2/61 MP: 6/6
  3190 | D:4      | Noticed Menkaure
  3197 | D:4      | Killed Menkaure
  3297 | D:4      | Found a transporter.
  3443 | D:5      | Entered Level 5 of the Dungeon
  3540 | D:5      | Reached skill level 7 in Long Blades
  3629 | D:5      | Found a hide-covered altar of Uskayaw.
  3647 | D:5      | Reached skill level 5 in Armour
  3813 | D:5      | Reached XP level 8. HP: 53/70 MP: 7/7
  4195 | D:5      | Noticed a moth of wrath
  4198 | D:5      | Found a bloodstained altar of Trog.
  4704 | D:6      | Reached skill level 5 in Dodging
  4758 | D:6      | Found a shattered altar of Ashenzari.
  4769 | D:6      | Reached **** piety under Trog
  4954 | D:6      | Found Boumi's Gadget Shop.
  5000 | D:6      | Reached skill level 8 in Long Blades
  5364 | D:7      | Found a staircase to the Ecumenical Temple.
  5553 | D:7      | Noticed tof's ghost (novice MiMo)
  5561 | D:7      | Killed tof's ghost
  5561 | D:7      | Reached skill level 9 in Long Blades
  5561 | D:7      | Reached XP level 9. HP: 79/79 MP: 8/8
  6021 | D:8      | Noticed a death yak
  6025 | D:8      | Noticed a death yak
  6037 | D:8      | Killed a death yak
  6037 | D:8      | Reached skill level 5 in Throwing
  6037 | D:8      | Reached skill level 10 in Long Blades
  6039 | D:8      | Noticed a death yak
  6049 | D:8      | Killed a death yak
  6123 | D:8      | Found a staircase to the Lair.
  6146 | D:8      | HP: 2/81 [death yak (15)]
  6204 | D:8      | Noticed a two-headed ogre
  6221 | D:8      | Noticed a two-headed ogre
  6664 | D:8      | Identified Jol Gile's Arcane Arts for Neophytes
  6989 | D:8      | Slain by a two-headed ogre

Vault maps used:
D:1:      dpeg_arrival_simpleton_b
D:2:      zin_academy, uniq_robin
D:3:      feat_on_display
D:4:      gammafunk_wand_slinger, first_bread, uniq_menkaure, uniq_pikel
D:5:      eat_drink_and_be_merry_uskayaw, tgw_trog
D:6:      lemuel_round_altar, serial_shops, nicolae_shop_trees
D:7:      minmay_temple_entry_junction
D:8:      dpeg_lair_monsters

Skill      XL: |  1  2  3  4  5  6  7  8  9 |
---------------+----------------------------+-----
Long Blades    | 4 6 7 9 10 | 10.4
Throwing       | 1 2 3 4 5 |  5.5
Armour         | 3 4 5 6 7 |  7.2
Fighting       | 4 5 7 |  7.9
Dodging        | 3 4 5 6 |  6.7

Action                   |  1- 3 |  4- 6 |  7- 9 || total
-------------------------+-------+-------+-------++-------
Melee: Falchion          |    74 |   112 |    69 ||   255
       Headbutt          |     8 |    23 |    58 ||    89
       Great sword       |       |       |    63 ||    63
       Long sword        |       |       |    43 ||    43
Invok: Berserk           |     1 |     2 |     4 ||     7
       Trog's Hand       |       |       |     3 ||     3
       Brothers in Arms  |       |       |     1 ||     1
  Use: Scroll            |       |     3 |     7 ||    10
 Stab: Sleeping          |     1 |       |       ||     1
  Eat: Chunk             |       |     7 |    35 ||    42
       Bread ration      |       |       |     1 ||     1
Armor: Animal skin       |    14 |       |       ||    14
       Leather armour    |       |    12 |       ||    12
       Scale mail        |       |    15 |    69 ||    84
Dodge: Dodged            |    43 |    87 |   133 ||   263
       Rpst.: Falchion   |     9 |    28 |    14 ||    51
       Great sword       |       |       |     9 ||     9
       Long sword        |       |       |    13 ||    13

Table legend:
 A = Spawn XP
 B = Non-spawn XP
 C = Spawn XP percentage of total XP
 D = Spawn monster count
 E = Non-spawn monster count
 F = Spawn count percentage of total count
 G = Total turns spent on level
                    A         B        C        D         E        F      G
               +---------+---------+-------+---------+---------+-------+---------
         Total |       0 |    5192 |   0.0 |       0 |     149 |   0.0 |  6989
               +---------+---------+-------+---------+---------+-------+---------
           D:1 |       0 |      45 |   0.0 |       0 |      24 |   0.0 |   706
           D:2 |       0 |     117 |   0.0 |       0 |      31 |   0.0 |  1064
           D:3 |       0 |      41 |   0.0 |       0 |      21 |   0.0 |   622
           D:4 |       0 |     832 |   0.0 |       0 |      10 |   0.0 |  1051
           D:5 |       0 |     549 |   0.0 |       0 |      21 |   0.0 |  1193
           D:6 |       0 |     561 |   0.0 |       0 |      19 |   0.0 |   697
           D:7 |       0 |    1210 |   0.0 |       0 |      11 |   0.0 |   998
           D:8 |       0 |    1837 |   0.0 |       0 |      12 |   0.0 |   658
               +---------+---------+-------+---------+---------+-------+---------
